 Dungeon Sprint DCSS version 0.21-a0-278-ga722497 (webtiles) character file.

55 potatolord6000 the Skirmisher (level 3, -7/36 HPs)
             Began as a Hill Orc Fighter on Sept 20, 2017.
             Was a Believer of Beogh.
             Mangled by an ogre
             ... wielding a +0 giant club
              (20 damage)
             ... in the Dungeon (Sprint VII: "The Pits").
             The game lasted 00:01:03 (327 turns).

potatolord6000 the Skirmisher (Hill Orc Fighter)     Turns: 327, Time: 00:01:04

Health: -7/36      AC:  7    Str: 19    XL:     3   Next: 93%
Magic:  4/4        EV:  7    Int:  8    God:    Beogh [**....]
Gold:   0          SH:  9    Dex: 10    Spells: 2/2 levels left

rFire    . . .     SeeInvis .   a - +0 war axe
rCold    . . .     Gourm    .   c - +0 shield
rNeg     . . .     Faith    .   b - +0 scale mail
rPois    .         Spirit   .   (no helmet)
rElec    .         Reflect  .   (no cloak)
rCorr    .         Harm     .   (no gloves)
MR       .....     NoTele   +   (no boots)
Stlth    ..........             (no amulet)
HPRegen  0.12/turn              (no ring)
MPRegen  0.09/turn              (no ring)

@: hasted, very quick
A: no striking features
a: Smiting, Renounce Religion


You were in the Dungeon.
You worshipped Beogh.
Beogh was pleased with you.
You were not hungry.

You visited 1 branch

Inventory:

Hand Weapons
 a - a +0 war axe (weapon)
Armour
 b - a +0 scale mail (worn)
 c - a +0 shield (worn)
Scrolls
 k - a scroll of blinking
 l - 3 scrolls of remove curse
 m - 5 scrolls of amnesia
 n - a scroll of summoning
Potions
 d - a potion of might
 e - 2 potions of invisibility
 i - 4 potions of magic
 j - 3 potions of berserk rage
Comestibles
 f - 8 bread rations
 o - 40 fruits
 p - 7 meat rations


   Skills:
 + Level 5.5 Fighting
 + Level 5.3 Axes
 + Level 5.0 Armour
 + Level 5.0 Shields
 + Level 2.2 Invocations


You had 2 spell levels left.
You didn't know any spells.

Dungeon Overview and Level Annotations

Branches:
Dungeon (1/1)

Altars:
Ashenzari
Cheibriados
Dithmenos
Elyvilon
Fedhas
Gozag
Hepliaklqana
Kikubaaqudgha
Makhleb
Nemelex Xobeh
Okawaru
Qazlal
Ru
Sif Muna
Trog
Uskayaw
Vehumet
Wu Jian
Xom
Yredelemnul
Zin
The Shining One
Beogh
Jiyva
Lugonu


Message History

The ogre is moderately wounded.
You hit the ufetubus but do no damage.
The ufetubus hits you but does no damage.
You block the ufetubus's attack. The ogre hits you with a giant club!
* * * LOW HITPOINT WARNING * * *
Unknown command.
Unknown command.
You feel much better. You block the ufetubus's attack. The ufetubus hits you.
The ufetubus hits you but does no damage.
The ufetubus hits you.
You hit the ogre.
The ogre is moderately wounded.
You slash the ufetubus!
You kill the ufetubus!
Beogh accepts your kill.
Your Armour skill increases to level 5!
Your Shields skill increases to level 5!
The ogre hits you with a giant club!!
Ouch! That really hurt!
You die...

##########'##........
#.?(.')))'.##......#.
##########.##........
#...........'........
#+#####'#####......#.
#..#..# #........
#..†..# ####'####
#..#### #.......#
#.@# #.......# #.O#
#.......# ##'#
#...<...#
#......r.##.......#
#........##.......#
###########.......#
#########


You could see an ogre.

Vanquished Creatures
  A worker ant (D)
  A river rat (D)
  3 ufetubi (D)
  A leopard gecko (D)
  A kobold (D)
  2 ball pythons (D)
9 creatures vanquished.

Notes
Turn   | Place    | Note
-------+----------+-------------------------------------------
     0 | D        | potatolord6000 the Hill Orc Fighter began the quest for the Orb.
     0 | D        | Reached XP level 1. HP: 19/19 MP: 1/1
    11 | D        | Noticed a worker ant
    19 | D        | Killed a worker ant
    19 | D        | Reached skill level 5 in Fighting
    19 | D        | Reached XP level 2. HP: 11/29 MP: 2/2
    61 | D        | Found a bloodstained altar of Trog.
    61 | D        | Found a deep blue altar of Sif Muna.
    61 | D        | Found a viscous altar of Jiyva.
    61 | D        | Found a hazy altar of Hepliaklqana.
    61 | D        | Found an opulent altar of Gozag.
    62 | D        | Found a glowing golden altar of the Shining One.
    62 | D        | Found a glowing silver altar of Zin.
    62 | D        | Found a basalt altar of Yredelemnul.
    62 | D        | Found a shimmering altar of Xom.
    62 | D        | Found an ornate altar of the Wu Jian Council.
    62 | D        | Found a sacrificial altar of Ru.
    62 | D        | Found a stormy altar of Qazlal.
    62 | D        | Found an iron altar of Okawaru.
    62 | D        | Found a sparkling altar of Nemelex Xobeh.
    62 | D        | Found a burning altar of Makhleb.
    62 | D        | Found a blossoming altar of Fedhas.
    62 | D        | Found a white marble altar of Elyvilon.
    62 | D        | Found a shadowy altar of Dithmenos.
    62 | D        | Found a snail-covered altar of Cheibriados.
    65 | D        | Found a corrupted altar of Lugonu.
    65 | D        | Found a radiant altar of Vehumet.
    65 | D        | Found a roughly hewn altar of Beogh.
    67 | D        | Found a shattered altar of Ashenzari.
    67 | D        | Found an ancient bone altar of Kikubaaqudgha.
    67 | D        | Found a hide-covered altar of Uskayaw.
    74 | D        | Became a worshipper of Beogh the Brigand
   274 | D        | Reached skill level 1 in Invocations
   274 | D        | Reached XP level 3. HP: 36/36 MP: 3/3
   286 | D        | Reached * piety under Beogh
   311 | D        | Reached ** piety under Beogh
   318 | D        | Noticed an ogre
   323 | D        | Reached skill level 5 in Axes
   327 | D        | Reached skill level 5 in Armour
   327 | D        | Reached skill level 5 in Shields
   327 | D        | Mangled by an ogre

Vault maps used:
D:        pitsprint

Skill      XL: |  1  2  3 |
---------------+----------+-----
Fighting       | 5 |  5.5
Axes           | 4 5 |  5.3
Armour         | 4 5 |  5.0
Shields        | 4 5 |  5.0
Invocations    | 1 2 |  2.2

Action                   || total
-------------------------++-------
Melee: War axe           ||    37
  Use: Potion            ||     3
Armor: Scale mail        ||    15
Dodge: Dodged            ||    17
Block: Shield            ||    17

Table legend:
 A = Spawn XP
 B = Non-spawn XP
 C = Spawn XP percentage of total XP
 D = Spawn monster count
 E = Non-spawn monster count
 F = Spawn count percentage of total count
 G = Total turns spent on level
                    A         B        C        D         E        F      G
               +---------+---------+-------+---------+---------+-------+---------
         Total |       0 |      79 |   0.0 |       0 |       9 |   0.0 |   327
               +---------+---------+-------+---------+---------+-------+---------
             D |       0 |      79 |   0.0 |       0 |       9 |   0.0 |   327
               +---------+---------+-------+---------+---------+-------+---------
